Map: Abyssal Reef LE

Players

omegabanana - Winner!

  • Race: Protoss Protoss
  • League: Gold
  • Spawn Location: 11:00

PandaBearMe

  • Race: Zerg Zerg
  • League: Master
  • Spawn Location: 5:00

VOD

https://go.twitch.tv/videos/186074637

Description

Time

  • Played on: Oct. 29, 2017, 3:03 p.m.
  • Length: 9:08
Show
View Real Time Build Order
Export as new Build Order

omegabanana Protoss - Winner!

Build Orders: Zealot Archon, Dark Templar Rush 

Get SALT Encoding   

  12  0:00  Probe (Chrono Boost)  
  13  0:11  Probe (Chrono Boost)  
  14  0:19  Pylon  
  14  0:22  Probe (Chrono Boost)  
  15  0:37  Probe (Chrono Boost)  
  15  0:40  Gateway  
  16  0:44  Assimilator  
  16  0:48  Probe (Chrono Boost)  
  17  0:58  Probe (Chrono Boost)  
  17  0:59  Assimilator  
  18  1:09  Probe (Chrono Boost)  
  19  1:19  Probe (Chrono Boost)  
  20  1:27  Cybernetics Core  
  20  1:30  Probe (Chrono Boost)  
  21  1:32  Pylon  
  21  1:45  Probe (Chrono Boost)  
  22  1:55  Nexus  
  22  1:59  Probe (Chrono Boost)  
  23  2:04  Warp Gate  
  23  2:10  Mothership Core (Chrono Boost)  
  23  2:15  Adept (Chrono Boost)  
  27  2:28  Probe (Chrono Boost)  
  28  2:35  Twilight Council  
  28  2:40  Probe  
  28  2:41  Adept (Chrono Boost)  
  31  2:59  Pylon  
  31  3:06  Robotics Facility, Probe (Chrono Boost)  
  31  3:10  Probe (Chrono Boost)  
  33  3:18  Probe (Chrono Boost)  
  34  3:23  Probe (Chrono Boost)  
  35  3:28  Probe (Chrono Boost)  
  35  3:34  Probe (Chrono Boost)  
  37  3:35  Dark Shrine  
  37  3:39  Probe (Chrono Boost)  
  38  3:44  Probe (Chrono Boost)  
  37  3:49  Probe (Chrono Boost)  
  37  3:55  Gateway  
  38  3:56  Gateway  
  38  3:57  Gateway  
  38  4:01  Warp Prism (Chrono Boost)  
  38  4:04  Probe x2  
  40  4:10  Assimilator  
  40  4:11  Sentry  
  40  4:14  Assimilator  
  40  4:16  Probe x2  
  44  4:25  Pylon  
  44  4:28  Probe (Chrono Boost)  
  44  4:29  Probe (Chrono Boost)  
  44  4:30  Pylon  
  46  4:43  Charge (Chrono Boost), Probe x2 (Chrono Boost)  
  48  4:54  Probe x2 (Chrono Boost)  
  50  5:02  Dark Templar x4  
  58  5:14  Gateway  
  58  5:15  Gateway  
  58  5:23  Mothership Core (Chrono Boost)  
  58  5:27  Gateway  
  60  5:29  Gateway  
  60  5:31  Probe  
  60  5:35  Pylon, Archon x2  
  61  5:42  Pylon  
  61  5:53  Pylon x2  
  61  5:58  Pylon  
  61  6:17  Stalker x2  
  65  6:21  Dark Templar x2  
  69  6:28  Archon  
  69  6:29  Zealot x2  
  64  6:41  Zealot x2  
  64  7:02  Dark Templar x3  
  64  7:04  Zealot x3  
  76  7:09  Dark Templar, Archon  
  76  7:14  Zealot  
  80  7:16  Archon  
  74  7:32  Zealot x4  
  74  7:36  Zealot x2  
  86  7:42  Zealot x2  
  76  7:53  Zealot x4  
  84  8:09  Zealot x4  
  84  8:12  Pylon  
  92  8:13  Zealot  
  92  8:14  Pylon  
  86  8:28  Zealot x3  
  90  8:51  Zealot  
  90  8:52  Zealot x7  
Show
View Real Time Build Order
Export as new Build Order

PandaBearMe Zerg 

Build Orders: Hatch First 

Get SALT Encoding   

  12  0:02  Drone  
  13  0:12  Overlord  
  13  0:18  Drone  
  14  0:31  Drone x2  
  16  0:48  Hatchery  
  15  0:51  Drone  
  15  0:55  Drone  
  17  0:59  Drone  
  17  1:01  Extractor  
  17  1:14  Spawning Pool  
  17  1:17  Drone  
  17  1:20  Drone  
  18  1:28  Drone  
  19  1:39  Drone  
  20  1:52  Overlord  
  20  2:01  Queen x2  
  20  2:02  Metabolic Boost  
  20  2:06  Drone  
  25  2:10  Drone  
  25  2:13  Drone  
  27  2:16  Drone  
  27  2:22  Drone x2  
  30  2:38  Hatchery  
  30  2:41  Zergling x2  
  30  2:43  Zergling x2  
  31  2:48  Pneumatized Carapace  
  31  2:53  Drone x2  
  31  2:58  Overlord  
  33  3:01  Drone  
  34  3:08  Drone x2  
  36  3:24  Overlord, Drone x5  
  40  3:29  Queen  
  40  3:32  Zergling x2  
  43  3:35  Overlord  
  43  3:40  Zergling x2  
  44  3:43  Zergling x6  
  44  3:44  Zergling x2  
  47  3:54  Zergling x2  
  48  3:56  Zergling x4  
  49  4:09  Drone x2  
  51  4:15  Hatchery, Evolution Chamber  
  51  4:16  Baneling Nest  
  48  4:24  Drone x2  
  48  4:25  Drone  
  51  4:33  Overlord  
  51  4:36  Drone x2  
  51  4:37  Zergling x4  
  55  4:46  Zerg Melee Weapons Level 1  
  55  4:47  Queen  
  55  4:48  Overlord, Extractor  
  55  4:50  Lair  
  56  4:53  Spore Crawler  
  56  4:54  Overlord  
  56  4:55  Spore Crawler, Drone x2  
  56  5:00  Baneling x2  
  56  5:01  Baneling x2  
  56  5:02  Zergling x4  
  56  5:03  Zergling x2  
  56  5:05  Baneling  
  56  5:06  Zergling x4  
  61  5:08  Zergling x2  
  61  5:10  Baneling  
  61  5:11  Zergling x2  
  64  5:25  Hatchery  
  63  5:32  Overlord  
  63  5:34  Drone x3  
  66  5:36  Drone  
  66  5:39  Baneling x3  
  66  5:40  Hatchery, Baneling  
  66  5:41  Zergling x2  
  67  5:48  Zergling x8  
  71  5:52  Queen  
  69  6:07  Overlord  
  69  6:10  Overlord  
  69  6:11  Drone x4  
  66  6:16  Overlord  
  69  6:21  Overlord  
  67  6:38  Zergling x16  
  65  6:45  Zergling x4  
  66  6:51  Zergling x2  
  66  6:52  Zergling x2  
  63  6:59  Hydralisk Den  
  62  7:01  Overlord  
  62  7:02  Drone x2  
  62  7:03  Drone  
  62  7:05  Drone  
  62  7:07  Centrifical Hooks  
  66  7:16  Drone x7  
  72  7:25  Baneling  
  72  7:26  Baneling  
  72  7:27  Zergling x8  
  76  7:30  Baneling  
  76  7:31  Baneling x2  
  76  7:32  Zergling x2  
  73  7:37  Zergling x2  
  73  7:39  Zergling x4  
  66  7:48  Zergling x2  
  66  7:50  Zergling x2, Spine Crawler  
  56  7:51  Spine Crawler  
  56  7:53  Zergling x8  
  56  7:54  Spine Crawler  
  56  7:56  Zergling x2  
  56  7:57  Baneling x8  
  56  7:59  Zergling x4  
  56  8:03  Zergling x4  
  56  8:04  Baneling  
  56  8:05  Zergling x2  
  60  8:06  Zergling x2  
  60  8:07  Zergling x2  
  52  8:21  Zergling x6  
  52  8:25  Extractor  
  47  8:27  Extractor  
  47  8:29  Baneling x5  
  47  8:31  Zergling x2  
  47  8:32  Zergling x2  
  47  8:34  Hatchery  
  47  8:35  Zergling x2  
  47  8:39  Zergling x2  
  47  8:40  Zergling x2  
  48  8:45  Baneling x4  
Tags
 
Add a new tag
Caveats
  • Supply blocks, unpowered buildings, or Contaminate may cause inaccurate times.
  • Supply counts are checked every 10 seconds.